cohdb
Replays
Latest Replays
All Replays
Popular Replays
Top Player Replays
Match Explorer
How It Works
Community
CoH3 Stats
Reddit
Sign in to upload your games and track your stats! →
Sign in with Steam
Match 43154105
Unlisted
Match 43154105
Overview
Messages
Build Orders
End
Kradschützen Motorcycle Team
Selects Armored Support Battlegroup
Panzergrenadier Squad
Panzergrenadier Squad
Panzergrenadier Squad
Construct Light Support Kompanie
Selects Veteran Gunners
250 Light Carrier
Combat Half-tracks
Fire Support Elements
Flakvierling Half-track
2.5-tonne Medical Truck
Vehicle Survival Package
Veteran Squad Leaders
Construct Panzerarmee Kommand
Selects Salvage Kits
Selects Panzer Storm
Emergency Repair Kits
Armored Reserves
Pak 38 Mechanized Group
Rapid Advance
Selects Flammpanzer III Medium Tank
Selects Command Panzer IV F Medium Tank
Tiger Heavy Tank
Command Panzer IV F Medium Tank
Panzerpioneer Squad
Selects Stuka Dive Bomb
Panzerpioneer Squad
Panzer III L Medium Tank
Panzer IV Assault Group
Stuka Dive Bomb
Command Panzer IV F Medium Tank
Roiter Motorsports
Handgranaten Herbert
Madara
珀犭
戴草帽の猫
bjornagain1963
matrix4x4
Gardening Pudding
0
0
Comments
sign in to comment!
No comments posted yet!